Map: Automaton LE

Players

SoulSpirit

  • Race: Zerg Zerg
  • Spawn Location: 9:00

Serral - Winner!

  • Race: Zerg Zerg
  • League: Master
  • Spawn Location: 3:00

Event: 2019 WCS Winter Europe

VOD

Have the link to the VOD?

Description

Time

  • Played on: Feb. 9, 2019, 9:26 a.m.
  • Length: 14:36

All games in this series

Show
View Real Time Build Order
Export as new Build Order

SoulSpirit Zerg 

Build Orders: Hatch First, Zergling Baneling 

Get SALT Encoding   

  12  0:00  Drone  
  13  0:12  Overlord  
  13  0:17  Drone  
  14  0:31  Drone x2  
  16  0:49  Hatchery  
  15  0:52  Drone  
  15  0:56  Drone  
  17  0:59  Drone  
  18  1:10  Extractor  
  17  1:15  Spawning Pool  
  17  1:18  Drone  
  17  1:22  Drone  
  18  1:28  Drone  
  19  1:40  Drone  
  20  1:50  Overlord  
  20  2:03  Queen, Zergling x2  
  20  2:04  Queen, Zergling x2  
  26  2:10  Metabolic Boost  
  26  2:15  Drone x2  
  29  2:22  Drone  
  29  2:23  Drone  
  30  2:34  Drone  
  30  2:35  Drone  
  32  2:43  Hatchery  
  31  2:49  Drone  
  32  2:53  Overlord  
  32  2:56  Drone x2  
  34  3:02  Baneling Nest  
  33  3:11  Drone  
  34  3:13  Drone x4  
  38  3:22  Drone  
  38  3:26  Overlord  
  38  3:27  Zergling x6  
  40  3:33  Zergling x4  
  44  3:44  Queen  
  44  3:47  Baneling x4  
  46  3:50  Drone x6  
  48  4:03  Zergling x10  
  48  4:05  Baneling x2  
  53  4:13  Zergling x6  
  55  4:18  Zergling x8  
  56  4:24  Drone  
  56  4:28  Drone  
  56  4:30  Evolution Chamber  
  57  4:34  Overlord  
  57  4:42  Overlord  
  57  4:44  Queen  
  57  4:45  Extractor  
  58  4:47  Baneling, Extractor  
  58  4:48  Baneling x3  
  58  4:52  Queen  
  59  4:53  Drone x5  
  64  5:04  Drone x5  
  67  5:11  Zergling x10  
  67  5:15  Zerg Missile Weapons Level 1  
  67  5:23  Zergling x6  
  67  5:27  Zergling x2  
  67  5:28  Queen  
  73  5:34  Lair  
  65  5:38  Drone x3  
  65  5:39  Roach Warren  
  61  5:58  Zergling x16  
  61  6:00  Queen  
  71  6:07  Overlord, Drone x3  
  71  6:08  Overlord  
  71  6:09  Baneling x2  
  74  6:12  Overlord  
  73  6:20  Drone  
  73  6:29  Drone x7  
  76  6:34  Glial Reconstitution  
  76  6:38  Drone  
  76  6:39  Queen  
  78  6:45  Drone x7  
  85  6:47  Extractor  
  85  6:48  Extractor, Drone  
  85  6:51  Evolution Chamber, Roach  
  85  6:52  Roach  
  86  6:54  Hatchery  
  86  7:00  Roach  
  86  7:03  Roach x2  
  89  7:09  Overlord  
  89  7:12  Roach  
  89  7:13  Roach x2  
  89  7:14  Roach x2  
  97  7:17  Spine Crawler  
  97  7:19  Overlord  
  96  7:23  Zerg Missile Weapons Level 2, Zerg Ground Armor Level 1  
  96  7:26  Roach  
  96  7:28  Roach x4  
  104  7:41  Roach x5  
  107  7:53  Roach x4  
  109  8:03  Drone x7  
  108  8:06  Drone  
  108  8:09  Pneumatized Carapace  
  108  8:11  Hatchery  
  108  8:12  Ravager x4  
  110  8:13  Overseer  
  110  8:19  Drone x2  
  113  8:20  Drone x2  
  113  8:21  Overlord x2, Extractor  
  113  8:37  Overlord x3  
  113  8:40  Roach x3  
  113  8:41  Roach x3  
  125  8:47  Roach x2  
  129  8:50  Overlord x2  
  129  8:56  Roach x2  
  129  8:57  Roach x3  
  139  9:04  Overlord x2  
  139  9:07  Overlord  
  139  9:08  Overlord x2  
  139  9:10  Roach  
  139  9:11  Overseer  
  139  9:12  Overseer  
  139  9:14  Roach  
  139  9:16  Roach x4  
  151  9:18  Roach  
  153  9:24  Roach  
  153  9:25  Roach x2  
  159  9:33  Roach x3  
  159  9:37  Roach x4  
  173  9:39  Ravager x2  
  173  9:41  Ravager  
  173  9:44  Roach x2  
  180  9:57  Roach  
  180  9:58  Roach x6  
  194  10:05  Overseer  
  194  10:07  Hatchery  
  194  10:13  Roach  
  194  10:15  Overlord  
  194  10:17  Zerg Ground Armor Level 2  
  191  10:31  Overlord  
  166  10:45  Roach  
  166  10:46  Roach x8  
  176  10:51  Queen  
  178  11:01  Roach x3  
  184  11:05  Roach  
  186  11:12  Roach x2  
  186  11:19  Roach x3  
  183  11:26  Roach x6  
  195  11:48  Ravager x5  
  198  12:03  Drone x2  
  198  12:04  Hydralisk Den  
  187  12:20  Roach x15  
  184  12:28  Drone x4  
  167  12:30  Roach  
  167  12:31  Roach x3  
  167  12:34  Queen  
  174  12:39  Roach x2  
  177  12:46  Roach  
  177  12:47  Roach x3  
  178  12:56  Roach x4  
  185  13:02  Ravager x7  
  185  13:03  Ravager x2  
  185  13:04  Roach  
  183  13:12  Roach  
  183  13:13  Roach x4  
  180  13:24  Roach x4  
  185  13:44  Roach x2  
  185  13:45  Overlord x2  
  185  13:53  Roach  
  185  13:54  Roach x2  
  185  14:09  Roach x8  
Show
View Real Time Build Order
Export as new Build Order

Serral Zerg - Winner!

Build Orders: Hatch First, Zergling Baneling 

Get SALT Encoding   

  12  0:00  Drone  
  13  0:12  Overlord  
  13  0:18  Drone  
  14  0:31  Drone x2  
  16  0:49  Hatchery  
  15  0:52  Drone  
  15  0:55  Drone  
  17  0:59  Drone  
  18  1:10  Extractor  
  17  1:15  Spawning Pool  
  17  1:18  Drone  
  17  1:21  Drone  
  18  1:27  Drone  
  19  1:38  Drone  
  20  1:49  Overlord  
  20  2:01  Queen x2  
  20  2:02  Zergling x4  
  26  2:10  Drone  
  26  2:11  Metabolic Boost  
  27  2:16  Drone  
  27  2:21  Drone  
  30  2:22  Drone  
  30  2:38  Hatchery  
  30  2:41  Drone  
  30  2:47  Baneling Nest  
  30  2:49  Drone  
  30  2:53  Overlord  
  30  2:56  Drone  
  31  2:59  Drone  
  31  3:00  Drone  
  33  3:08  Drone  
  33  3:09  Zergling x4  
  33  3:12  Zergling x2  
  37  3:14  Zergling x2  
  37  3:15  Zergling x2  
  37  3:19  Zergling x2  
  40  3:20  Zergling x2  
  40  3:23  Zergling x2  
  42  3:27  Overlord  
  42  3:29  Zergling x2  
  42  3:30  Baneling  
  42  3:31  Baneling  
  42  3:33  Baneling x2  
  43  3:36  Zergling x2  
  44  3:43  Overlord  
  44  3:46  Drone x3  
  47  3:49  Drone  
  47  3:52  Baneling x2  
  47  3:54  Drone x2  
  50  3:58  Drone  
  49  4:03  Zergling x4  
  49  4:07  Drone x3  
  53  4:12  Overlord  
  53  4:15  Drone  
  53  4:16  Drone  
  51  4:17  Zergling x2  
  51  4:19  Drone  
  51  4:23  Drone  
  51  4:27  Evolution Chamber  
  51  4:29  Queen  
  52  4:31  Extractor, Zergling x2  
  52  4:34  Zergling x4  
  54  4:39  Baneling x2  
  54  4:40  Baneling  
  54  4:43  Zergling x4  
  54  4:44  Baneling  
  54  4:45  Zergling x2  
  57  4:47  Drone x3  
  57  4:49  Baneling x2  
  60  4:57  Extractor, Roach Warren, Zergling x4  
  60  5:01  Drone x2  
  60  5:03  Drone x2  
  60  5:06  Zerg Missile Weapons Level 1  
  63  5:08  Overlord  
  63  5:10  Zergling x2  
  63  5:14  Drone x2  
  63  5:20  Overlord  
  65  5:21  Drone x2  
  65  5:27  Drone x2  
  62  5:33  Zergling x6  
  62  5:34  Zergling x2  
  64  5:40  Baneling x2  
  63  5:45  Zergling x6  
  63  5:49  Drone x4  
  67  5:56  Drone  
  67  5:57  Drone  
  67  6:03  Baneling x2  
  67  6:04  Lair  
  67  6:06  Overlord  
  67  6:07  Extractor, Zergling x6  
  67  6:08  Drone x2  
  67  6:11  Baneling, Zergling x2  
  71  6:12  Drone  
  72  6:18  Roach x2  
  72  6:19  Roach  
  72  6:23  Roach x2  
  76  6:33  Roach x2  
  76  6:34  Roach, Drone x3  
  76  6:36  Baneling x3  
  85  6:41  Roach x2  
  85  6:42  Drone x3  
  92  6:49  Roach x2  
  92  6:50  Zergling x2  
  97  7:00  Drone x3  
  98  7:05  Glial Reconstitution  
  98  7:06  Zerg Missile Weapons Level 2  
  98  7:07  Hatchery  
  97  7:08  Drone x2  
  97  7:13  Extractor  
  97  7:15  Extractor  
  96  7:16  Evolution Chamber, Pneumatized Carapace  
  96  7:18  Overlord  
  96  7:19  Overlord  
  96  7:22  Drone x2  
  97  7:24  Drone  
  97  7:28  Overlord  
  98  7:34  Drone  
  98  7:36  Drone x2  
  100  7:39  Overlord  
  100  7:40  Drone x2  
  100  7:42  Zerg Ground Armor Level 1  
  100  7:43  Overlord  
  97  7:52  Roach  
  97  7:53  Roach  
  97  7:54  Roach  
  97  7:55  Roach x2  
  97  7:56  Roach x2  
  97  7:58  Roach x2  
  111  8:00  Roach  
  111  8:01  Roach  
  111  8:03  Roach  
  111  8:05  Roach  
  107  8:07  Roach  
  107  8:08  Roach, Overseer  
  103  8:16  Roach x5  
  113  8:25  Queen  
  115  8:29  Roach x3, Drone x3  
  115  8:32  Ravager x4  
  128  8:39  Overlord x2  
  128  8:40  Roach x2  
  132  8:45  Roach  
  132  8:46  Roach x2  
  138  8:50  Roach  
  138  8:51  Roach x2  
  144  9:00  Overlord  
  144  9:01  Roach x5  
  154  9:05  Overlord  
  154  9:06  Overlord  
  154  9:14  Roach x3  
  160  9:18  Tunneling Claws  
  160  9:19  Burrow  
  160  9:24  Roach x7  
  174  9:30  Ravager x3  
  177  9:31  Roach  
  177  9:32  Roach x2  
  177  9:35  Overseer  
  183  9:39  Overlord  
  183  9:40  Extractor  
  182  9:49  Roach  
  184  9:57  Overlord  
  184  10:01  Spine Crawler x2  
  184  10:02  Hydralisk Den  
  184  10:03  Roach  
  184  10:04  Roach x4  
  184  10:06  Zerg Ground Armor Level 2  
  191  10:12  Overlord  
  191  10:15  Overlord  
  191  10:20  Roach x5  
  199  10:22  Overlord  
  197  10:40  Roach x12  
  191  10:46  Roach x4  
  186  10:51  Roach x4  
  194  11:00  Ravager x2  
  194  11:01  Ravager, Roach x6  
  194  11:02  Roach x2  
  199  11:11  Roach x40  
  197  11:22  Roach x2  
  197  11:23  Roach x3  
  197  11:24  Muscular Augments  
  197  11:25  Roach x8  
  195  11:26  Overlord, Overseer  
  195  11:27  Overlord, Roach x3  
  195  11:31  Roach x2  
  193  11:40  Roach x3  
  199  11:52  Infestation Pit, Extractor  
  199  11:53  Drone x3  
  190  11:56  Roach  
  190  11:57  Roach x5  
  190  11:59  Overlord  
  190  12:00  Roach x2  
  190  12:01  Roach  
  200  12:03  Roach x2  
  200  12:04  Roach x3  
  200  12:06  Hatchery  
  199  12:14  Roach x5  
  191  12:17  Roach x6  
  173  12:23  Roach x7  
  173  12:25  Roach x15  
  190  12:36  Hive  
  188  12:37  Grooved Spines  
  188  12:38  Roach x2  
  188  12:39  Roach x11  
  188  12:40  Hydralisk x3  
  194  12:49  Hydralisk x3  
  190  13:03  Hydralisk x5  
  196  13:13  Roach x5  
  196  13:16  Roach x2  
  196  13:19  Roach x2  
  194  13:21  Roach x4  
  194  13:22  Roach  
  194  13:25  Roach x2  
  181  13:33  Roach x3  
  185  13:37  Ravager x2  
  185  13:38  Ravager x3, Roach x3  
  186  13:42  Roach x3  
  190  13:50  Roach  
  190  13:51  Roach x3  
  194  13:56  Roach x3  
  198  14:10  Roach  
Tags
 
Add a new tag
Caveats
  • Supply blocks, unpowered buildings, or Contaminate may cause inaccurate times.
  • Supply counts are checked every 10 seconds.